 Dungeon Crawl Stone Soup version 0.29.0-4-gdea44cf6ec (webtiles) character file.

Game seed: 904041215846646944

11 qw the Sneak (level 2, -3/19 HPs)
             Began as a Gargoyle Delver on Sept 10, 2022.
             Slain by a water moccasin (6 damage)
             ... on level 5 of the Dungeon.
             The game lasted 00:00:01 (18 turns).

qw the Sneak (Gargoyle Delver)                        Turns: 18, Time: 00:00:02

Health: -3/19      AC:  5    Str: 15    XL:     2   Next: 29%
Magic:  2/2        EV: 11    Int: 10    God:
Gold:   0          SH:  0    Dex: 11    Spells: 1/1 levels left

rFire   . . .      SeeInvis .   a - +0 hand axe
rCold   . . .      Faith    .   (no shield)
rNeg    + . .      Spirit   .   b - +0 leather armour
rPois   inf        Reflect  .   (no helmet)
rElec   +          Harm     .   (no cloak)
rCorr   .          Rampage  .   (no gloves)
Will    .....                   (no boots)
Stlth   +++.......              (no amulet)
HPRegen 0.06/turn               (no ring)
MPRegen 0.08/turn               (no ring)

@: no status effects
A: sickness immunity, AC +2, negative energy resistance 1, electricity
resistance, torment resistance 1, petrification resistance
a: no special abilities


You were on level 5 of the Dungeon.
You visited 1 branch of the dungeon, and saw 1 of its levels.


Innate Abilities, Weirdness & Mutations

You are immune to sickness and miasma.
Your stone body is resilient. (AC +2)
You are immune to poison.
You resist negative energy. (rN+)
You are resistant to electric shocks. (rElec)
You are resistant to unholy torment.
You are immune to petrification.


   Skills:
 - Level 3.2 Fighting
 + Level 2.6 Axes
 - Level 1.5 Dodging
 - Level 5.4 Stealth


You had one spell level left.
You didn't know any spells.
Your spell library was empty.

Inventory:

Hand Weapons
 a - a +0 hand axe (weapon)
Armour
 b - a +0 leather armour (worn)
Wands
 g - a wand of digging (3)
Scrolls
 c - a scroll of fog
 d - a scroll of magic mapping
 e - a scroll of fear
Potions
 f - a potion of haste

Dungeon Overview and Level Annotations

Branches:
Dungeon (5/15)
 Temple: D:4-7

Altars:


Message History

6 ||| Stepping ~*~*~tactically~*~*~ (stealth).
You hit the gnoll.
The gnoll is heavily wounded.
The gnoll misses you.
You barely miss the gnoll.
The gnoll is heavily wounded.
The gnoll hits you but does no damage.
You hit the gnoll but do no damage.
The gnoll is heavily wounded.
The gnoll barely misses you.
You barely miss the gnoll.
The gnoll is heavily wounded.
The gnoll closely misses you.
You hit the gnoll.
The gnoll is heavily wounded.
An orc comes into view. It is wielding a +0 dagger.
The gnoll hits you with a +0 club. The gnoll hits you but does no damage.
12 ||| Stepping ~*~*~tactically~*~*~ (stealth).
A worm comes into view.
You hit the gnoll.
The gnoll is severely wounded.
The gnoll misses you.
You hit the gnoll.
The gnoll is almost dead.
The gnoll hits you with a +0 club.
The orc shouts!
You hit the gnoll.
You kill the gnoll!
You hear an angry hiss.
Your Axes skill increases to level 2!
You have reached level 2!
You hit the orc.
The orc is heavily wounded.
A phantom comes into view.
The orc hits you with a +0 dagger.
A water moccasin comes into view.
You hit the orc.
You kill the orc!
You hit the water moccasin but do no damage.
The water moccasin bites you. x2
You die...

..... .... ...# #
#. ....#.. h###.
....... #.h.#
.#..# #
#.#.###..###..
..###.o.##@....w..
.........S........
..........##......
............##....
#.....>..(..# ...
####.........# ..
#....[....... .
###..........
...........


You could see a water moccasin and a worm.

Vanquished Creatures
  A gnoll (D:5)
  An orc (D:5)
2 creatures vanquished.

Notes
Turn   | Place    | Note
-------+----------+-------------------------------------------
     0 | D:5      | qw the Gargoyle Delver began the quest for the Orb.
     0 | D:5      | Reached XP level 1. HP: 14/14 MP: 1/1
     0 | D:5      | 0 ||| qw: Version: 0.1-a-116-g5d60599
     0 | D:5      | 0 ||| qw: Game counter: 8049
     0 | D:5      | 0 ||| qw: Always use a shield: true
     0 | D:5      | 0 ||| qw: God list: Okawaru
     0 | D:5      | 0 ||| qw: Allow faded altars: false
     0 | D:5      | 0 ||| qw: Do Orc after D:15 true
     0 | D:5      | 0 ||| qw: Do second Lair branch before Depths: true
     0 | D:5      | 0 ||| qw: Lair rune preference: random
     0 | D:5      | 0 ||| qw: Plans: Normal
     0 | D:5      | 0 ||| PLANNING D:1-11
     2 | D:5      | Noticed a black bear
     3 | D:5      | 3 ||| Stepping ~*~*~tactically~*~*~ (stealth).
     4 | D:5      | 4 ||| Stepping ~*~*~tactically~*~*~ (stealth).
     6 | D:5      | 6 ||| Stepping ~*~*~tactically~*~*~ (stealth).
    12 | D:5      | 12 ||| Stepping ~*~*~tactically~*~*~ (stealth).
    16 | D:5      | Reached XP level 2. HP: 9/19 MP: 2/2
    16 | D:5      | Noticed a phantom
    16 | D:5      | Noticed a water moccasin
    18 | D:5      | HP: 3/19 [water moccasin (5)]
    18 | D:5      | Slain by a water moccasin

Levels and vault maps discovered:
D:5:      layout_cave_pools, amcnicky_altar_gilded, minmay_starry_boxes,
          uniq_crazy_yiuf_cottage

Skill      XL: |  1 |
---------------+----+-----
Axes           | 2 |  2.6
Fighting       | |  3.2
Dodging        | |  1.5
Stealth        | |  5.4

Action                   || total
-------------------------++-------
Melee: Hand axe          ||    11
Armor: Leather armour    ||     2
Dodge: Dodged            ||     4

Table legend:
 A = Non-vault XP
 B = Vault XP
 C = Vault XP percentage of total XP
 D = Non-vault monster count
 E = Vault monster count
 F = Vault count percentage of total count
                 A         B        C        D         E       F
            +---------+---------+-------+---------+---------+-------
      Total |       0 |      17 | 100.0 |       0 |       2 | 100.0
            +---------+---------+-------+---------+---------+-------
        D:5 |       0 |      17 | 100.0 |       0 |       2 | 100.0
            +---------+---------+-------+---------+---------+-------
